 Dungeon Crawl Stone Soup version 0.24.0-37-gcf1ca852f1 (webtiles) character file.

Game seed: 3850245042927638914, levelgen mode: deterministic

43 FishyPogo the Charmwright (level 3, -8/31 HPs)
             Began as a Gnoll Skald on Dec 1, 2019.
             Mangled by a gnoll
             ... wielding a +0 halberd
              (15 damage)
             ... on level 2 of the Dungeon.
             The game lasted 00:04:38 (956 turns).

FishyPogo the Charmwright (Gnoll Skald)              Turns: 956, Time: 00:04:38

Health: -8/31      AC:  3    Str: 14    XL:     3   Next: 58%
Magic:  5/9        EV: 14    Int: 15    God:
Gold:   38         SH:  0    Dex: 14    Spells: 1/12 levels left

rFire    . . .     SeeInvis .   a - +0 falchion
rCold    . . .     Gourm    .   (no shield)
rNeg     . . .     Faith    .   b - +0 leather armour
rPois    .         Spirit   .   (no helmet)
rElec    .         Reflect  .   (no cloak)
rCorr    .         Harm     .   (no gloves)
MR       .....                  (no boots)
Stlth    +.........             (no amulet)
HPRegen  0.10/turn              (no ring)
MPRegen  0.11/turn              (no ring)

@: singing
A: distributed training, fangs 1, strong nose
a: no special abilities


You were on level 2 of the Dungeon.
You were not hungry.

You visited 1 branch of the dungeon, and saw 2 of its levels.

You collected 38 gold pieces.

Inventory:

Hand Weapons
 a - a +0 falchion (weapon)
Armour
 b - a +0 leather armour (worn)
Scrolls
 c - a scroll of remove curse {unknown}
 h - a scroll of amnesia {unknown}
 i - a scroll of immolation {unknown}
 k - a scroll of noise {unknown}
 m - a scroll of identify {unknown}
Potions
 e - a potion of curing {unknown}
 f - a potion of degeneration {unknown}
 g - 2 potions of flight {unknown}
 j - a potion of cancellation {unknown}
 l - a potion of magic {unknown}
Comestibles
 d - 5 rations
 n - 5 chunks of flesh


   Skills:
 + Level 4.5 Fighting
 + Level 0.8 Short Blades
 + Level 4.5 Long Blades
 + Level 0.8 Axes
 + Level 0.8 Maces & Flails
 + Level 0.8 Polearms
 + Level 0.8 Staves
 + Level 0.8 Slings
 + Level 0.8 Bows
 + Level 0.8 Crossbows
 + Level 0.8 Throwing
 + Level 2.6 Armour
 + Level 4.5 Dodging
 + Level 0.8 Stealth
 + Level 0.8 Shields
 + Level 0.8 Unarmed Combat
 + Level 5.0 Spellcasting
 + Level 0.5 Conjurations
 + Level 0.5 Hexes
 + Level 5.4 Charms
 + Level 0.5 Summonings
 + Level 0.5 Necromancy
 + Level 0.5 Translocations
 + Level 0.5 Transmutations
 + Level 0.5 Fire Magic
 + Level 0.5 Ice Magic
 + Level 0.5 Air Magic
 + Level 0.5 Earth Magic
 + Level 0.5 Poison Magic
 + Level 1.0 Invocations
 + Level 0.8 Evocations


You had one spell level left.
You knew the following spells:

 Your Spells              Type           Power        Failure   Level  Hunger
h - Regeneration          Chrm/Necr      ##........   17%         3    ###....
n - Spectral Weapon       Hex/Chrm       ##......     17%         3    ###....
p - Shroud of Golubria    Chrm/Tloc      ##....       9%          2    ##.....
u - Song of Slaying       Chrm           ###.....     3%          2    ##.....
y - Infusion              Chrm           ###.         2%          1    None

Your spell library contained the following spells:

 Spells                   Type           Power        Failure   Level  Hunger


Dungeon Overview and Level Annotations

Branches:
Dungeon (2/15)

Altars:
Yredelemnul


Innate Abilities, Weirdness & Mutations

Your experience applies equally to all skills.
You have very sharp teeth.
Your uncanny sense of smell can sniff out nearby items.


Message History

The goblin hits your spectral weapon.
The goblin closely misses your spectral weapon.
You hear a shout!
The goblin hits you but does no damage.
You see here a worm corpse.
You hit the goblin but do no damage. Your bite misses the goblin.
You hear a shout!
Your spectral weapon hits the goblin.
You kill the goblin!
A gnoll comes into view. It is wielding a +0 halberd.
A gnoll comes into view. It is wielding a +0 whip.
A gnoll comes into view. It is wielding a +0 whip.
The gnoll shouts!
The gnoll hits you with a +0 halberd!
* * * LOW HITPOINT WARNING * * *
You hit the gnoll but do no damage. You bite the gnoll.
The gnoll is moderately wounded.
Your spectral weapon hits the gnoll!
The gnoll hits you but does no damage. The gnoll hits you with a +0 halberd!
You die...

#.^^.##....#.##....+.
#_^^.'.....#.#######.
#^..^#######.......#>
#.#^######...........
#######..#.#######.##
######...#.# ..
#........'.# ##
####..g(....###
......g@..†.#
##.....g......#
..............#
##............#
#............#
#............#
#..............
###########....


You could see 3 gnolls and a friendly spectral +0 falchion.

Vanquished Creatures
  An adder (D:2)
  2 dart slugs
  2 worms (D:2)
  A leopard gecko (D:1)
  2 giant cockroaches
  4 goblins
  3 hobgoblins
  A kobold (D:1)
  A quokka (D:2)
  A bat (D:1)
  2 frilled lizards (D:1)
  3 rats
  A spectral orc (D:2)
24 creatures vanquished.

Notes
Turn   | Place    | Note
-------+----------+-------------------------------------------
     0 | D:1      | FishyPogo the Gnoll Skald began the quest for the Orb.
     0 | D:1      | Reached XP level 1. HP: 20/20 MP: 6/6
   147 | D:1      | Reached XP level 2. HP: 23/26 MP: 4/7
   151 | D:1      | Learned a level 2 spell: Song of Slaying
   154 | D:1      | Learned a level 2 spell: Shroud of Golubria
   701 | D:2      | Found a basalt altar of Yredelemnul.
   733 | D:2      | Reached skill level 5 in Spellcasting
   733 | D:2      | Reached XP level 3. HP: 25/31 MP: 2/9
   794 | D:2      | Learned a level 3 spell: Regeneration
   798 | D:2      | Learned a level 3 spell: Spectral Weapon
   949 | D:2      | Reached skill level 1 in Invocations
   956 | D:2      | Mangled by a gnoll

Levels and vault maps discovered:
D:1:      denvon_arrival_planthouse, layout_basic, hex_medium
D:2:      layout_basic, ashenzari_conservatory_becter,
          yredelemnul_forgotten_temple_becter

Skill      XL: |  1  2  3 |
---------------+----------+-----
Spellcasting   | 5 |  5.0
Invocations    | 1 |  1.0
Fighting       | |  4.5
Short Blades   | |  0.8
Long Blades    | |  4.5
Axes           | |  0.8
Maces & Flails | |  0.8
Polearms       | |  0.8
Staves         | |  0.8
Slings         | |  0.8
Bows           | |  0.8
Crossbows      | |  0.8
Throwing       | |  0.8
Armour         | |  2.6
Dodging        | |  4.5
Stealth        | |  0.8
Shields        | |  0.8
Unarmed Combat | |  0.8
Conjurations   | |  0.5
Hexes          | |  0.5
Charms         | |  5.4
Summonings     | |  0.5
Necromancy     | |  0.5
Translocations | |  0.5
Transmutations | |  0.5
Fire Magic     | |  0.5
Ice Magic      | |  0.5
Air Magic      | |  0.5
Earth Magic    | |  0.5
Poison Magic   | |  0.5
Evocations     | |  0.8

Action                   || total
-------------------------++-------
Melee: Falchion          ||    72
       Bite              ||    11
       Punch             ||     1
 Cast: Infusion          ||     3
       Song of Slaying   ||     4
       Spectral Weapon   ||     4
       Shroud of Golubri ||     1
 Stab: Sleeping          ||     1
  Eat: Chunk             ||     1
Armor: Leather armour    ||     7
Dodge: Dodged            ||    41
       Rpst.: Falchion   ||    13
